AoeStats
← Eldomador

Arena

510223017Analyzed
1v1 RM · 2d ago on Sep 30, 2026· 49m 14s· 2 players
Game mode
Random Map
Map size
Tiny (2 player)
Population
200
Speed
Normal
Resources
Standard
Victory
Conquest
Starting age
Dark Age
Ending age
Imperial Age
RankedLock teamsTeams togetherTeam positionsShared explorationLock speedFull tech treeHidden civsTurbo modeCheats
Victory
Defeat
🇦🇷 Portuguese · Argentina
829
+14
🇦🇷 Goths · Argentina
790
-14
perroTeuton
0:57 Loom
11:41 Feudal Age
13:45 Double-Bit Axe
17:29 Castle Age
15:42 Gold Mining
31:56 Imperial Age
31:10 Bow Saw
31:45 Squires
32:07 Forging
32:40 Scale Mail Armor
32:51 Anarchy
35:07 Perfusion
35:51 Wheelbarrow
35:56 Iron Casting
35:39 Chain Mail Armor
35:53 Pikeman
38:06 Blast Furnace
39:57 Two-Man Saw
39:16 Horse Collar
40:17 Conscription
42:16 Fletching
44:17 Stone Mining
47:20 Bodkin Arrow
47:27 Padded Archer Armor
48:41 Town Watch
Eldomador
9:23 Feudal Age
15:27 Castle Age
16:57 Stone Mining
16:53 Double-Bit Axe
16:52 Horse Collar
17:21 Loom
17:49 Bow Saw
22:19 Stone Shaft Mining
23:47 Gold Mining
24:24 Heavy Plow
29:35 Imperial Age
28:23 Pikeman
30:04 Husbandry
30:32 Cavalier
31:38 Scale Barding Armor
31:23 Fletching
31:44 Forging
31:59 Treadmill Crane
32:31 Fortified Wall
32:29 Siege Engineers
32:46 Ballistics
35:15 Chain Barding Armor
35:31 Iron Casting
36:08 Wheelbarrow
35:19 Town Watch
37:13 Hand Cart
38:27 Town Patrol
39:17 Elite Organ Gun
40:17 Arquebus
41:52 Two-Man Saw
41:26 Crop Rotation
42:28 Bodkin Arrow
43:34 Blast Furnace
43:10 Plate Barding Armor
42:36 Padded Archer Armor
47:05 Leather Archer Armor
46:50 Bracer
46:51 Scale Mail Armor
Connection lost

Rejoining the realm…

Still unreachable

The connection could not be restored.

Session expired

The server has moved on; the page needs a fresh start.